 Dungeon Crawl Stone Soup version 0.29.1-2-gbd0b4ee654 (webtiles) character file.

Game seed: 11870037652852381663

67 Ivernyr the Chiller (level 4, 0/33 HPs)
             Began as a Barachi Ice Elementalist on Nov 3, 2022.
             Slain by Grinder (6 damage)
             ... on level 3 of the Dungeon.
             The game lasted 00:06:23 (2510 turns).

Ivernyr the Chiller (Barachi Ice Elementalist)      Turns: 2510, Time: 00:06:24

Health: 0/33       AC:  2    Str:  9    XL:     4   Next: 18%
Magic:  8/8        EV: 16    Int: 23    God:
Gold:   176        SH:  0    Dex: 12    Spells: 1/8 levels left

rFire   + . .      SeeInvis .   l - +4 battleaxe "Giyv" {venom, rElec rF+ Int+5}
rCold   . . .      Faith    .   (shield currently unavailable)
rNeg    . . .      Spirit   .   a - +0 robe
rPois   .          Reflect  .   (no helmet)
rElec   +          Harm     .   (no cloak)
rCorr   .          Rampage  .   (no gloves)
Will    .....                   (no boots)
Stlth   ++........              (no amulet)
HPRegen 0.11/turn               n - +4 ring of evasion
MPRegen 0.11/turn               (no ring)

@: slow
A: amphibious, slowness 1, strong legs 1, +LOS
a: Hop


You were on level 3 of the Dungeon.
You visited 1 branch of the dungeon, and saw 3 of its levels.

You collected 176 gold pieces.

Inventory:

Hand Weapons
 h - a +5 dagger
 l - the +4 battleaxe "Giyv" (weapon) {venom, rElec rF+ Int+5}
   (You found it on level 2 of the Dungeon)

   It poisons the flesh of those it strikes.
   Int:       It affects your intelligence (+5).
   rF:        It protects you from fire.
   rElec:     It insulates you from electricity.
Missiles
 j - a throwing net
Armour
 a - a +0 robe (worn)
Jewellery
 n - a +4 ring of evasion (left hand)
Scrolls
 c - 5 scrolls of identify {unknown}
 e - 5 scrolls of teleportation {unknown}
 k - 4 scrolls of amnesia {unknown}
 m - a scroll of immolation {unknown}
 o - a scroll of magic mapping {unknown}
 p - a scroll of fear {unknown}
Potions
 b - a potion of magic
 f - a potion of berserk rage {unknown}
 g - 2 potions of flight {unknown}
 i - a potion of lignification {unknown}
 q - a potion of degeneration {unknown}


   Skills:
 + Level 1.8 Fighting
 + Level 2.9 Dodging
 - Level 1.7 Stealth
 + Level 2.7 Spellcasting
 * Level 5.6 Ice Magic


You had one spell level left.
You knew the following spells:

 Your Spells              Type           Power      Damage    Failure   Level
a - Freeze                Ice            100%       1d11      1%          1
b - Frozen Ramparts       Ice            58%        1d9       3%          3
c - Ozocubu's Armour      Ice            29%        N/A       3%          3

Your spell library contained the following spells:

 Spells                   Type           Power      Damage    Failure   Level
 Gell's Gravitas          Tloc           3%         N/A       34%         3
 Lesser Beckoning         Tloc           3%         N/A       34%         3
 Teleport Other           Tloc           3%         N/A       34%         3
 Hailstorm                Conj/Ice       16%        3d6       36%         4
 Fulminant Prism          Conj/Hex       1%         3d6       75%         4
 Iskenderun's Mystic Bla  Conj/Tloc      3%         2d3       75%         4
 Lee's Rapid Deconstruct  Erth           1%         3d5*      97%         5


Dungeon Overview and Level Annotations

Branches:
Dungeon (3/15)

Altars:

Annotations:
D:3 Grinder


Innate Abilities, Weirdness & Mutations

You are amphibious.
You cover ground slowly.
You can hop short distances.
You have an extended range of vision and can be seen from far away.


Message History

Grinder barely misses you. Grinder gestures at you.
Pain shoots through your body!
* * * LOW HITPOINT WARNING * * *
You feel better. Grinder barely misses you.
You closely miss Grinder.
Grinder is severely wounded.
Grinder hits you but does no damage. Grinder misses you.
You barely miss Grinder.
Grinder is severely wounded.
Grinder blinks!
Your icy armour cracks and falls away as you move.
Grinder gestures at you. Pain shoots through your body!
* * * LOW HITPOINT WARNING * * *
You feel better. Grinder gestures at you.
You suddenly lose the ability to move!
Grinder hits you. Grinder hits you but does no damage.
You can move again.
You barely miss Grinder.
Grinder is severely wounded.
Grinder gestures at you. Pain shoots through your body!
* * * LOW HITPOINT WARNING * * *
You hit Grinder.
Grinder is severely wounded.
Grinder closely misses you. Grinder gestures at you.
You barely resist. You barely miss Grinder.
Grinder is severely wounded.
Grinder barely misses you. Grinder misses you.
You slash Grinder!
Grinder is poisoned.
Grinder is almost dead.
Grinder hits you.
* * * LOW HITPOINT WARNING * * *
You writhe in agony.
You die...

.....##..............)...
......#..................
#.##..#.#...##.........#.
##.........#####..........
..........## #.......###
#.........######.......# #
)..............###....## #
#...........?..##...### #
.........@###......#######
#.........5.#.............
..!...............########
.................. ..##
.#...............#####....
#.###...........##....#..
#. #..$.........#.# ##.
##.....#.....†<###### ..
......#..........###


You could see Grinder (very poisoned).

Vanquished Creatures
  An adder (D:2)
  2 dart slugs (D:1)
  6 ball pythons
  2 endoplasms (D:3)
  A giant cockroach (D:1)
  8 goblins
  5 hobgoblins
  2 quokkas (D:1)
  7 bats
  A frilled lizard (D:1)
  6 kobolds
  11 rats
52 creatures vanquished.

Vanquished Creatures (others)
  11 plants (D:1)
  9 withered plants (D:1)
20 creatures vanquished.

Grand Total: 72 creatures vanquished

Notes
Turn   | Place    | Note
-------+----------+-------------------------------------------
     0 | D:1      | Ivernyr the Barachi Ice Elementalist began the quest for
                  | the Orb.
     0 | D:1      | Reached XP level 1. HP: 13/13 MP: 3/3
    84 | D:1      | Reached skill level 5 in Ice Magic
   216 | D:1      | Reached XP level 2. HP: 14/20 MP: 1/5
   511 | D:1      | Reached skill level 1 in Fighting
   693 | D:1      | Reached XP level 3. HP: 26/26 MP: 4/6
   736 | D:1      | Learned a level 3 spell: Frozen Ramparts
   740 | D:1      | Learned a level 3 spell: Ozocubu's Armour
  1175 | D:1      | Found a faded altar of an unknown god.
  1729 | D:2      | Identified the +4 battleaxe "Giyv" {venom, rElec rF+ Int+5}
  1980 | D:2      | Reached XP level 4. HP: 32/33 MP: 4/8
  2093 | D:3      | Noticed Grinder
  2095 | D:3      | Paralysed by Grinder for 3 turns
  2486 | D:3      | Paralysed by Grinder for 4 turns
  2504 | D:3      | Paralysed by Grinder for 3 turns
  2510 | D:3      | Slain by Grinder

Illustrated notes

Levels and vault maps discovered:
D:1:      saegor_arrival_fortress, layout_basic,
          shapermc_ecumenical_altar_flowoftime, chequers_serial_rivers_room_b
D:2:      layout_loops_ring, nrook_mini_backslash
D:3:      layout_rooms, nicolae_overflow_ecumenical_swirl, minivault_23,
          uniq_grinder

Skill      XL: |  1  2 |
---------------+-------+-----
Ice Magic      | 5 |  5.6
Fighting       | 1 |  1.8
Dodging        | |  2.9
Stealth        | |  1.7
Spellcasting   | |  2.7

Action                   |  1- 3 |  4- 6 || total
-------------------------+-------+-------++-------
Melee: Unarmed           |    37 |       ||    37
       Dagger            |    20 |     4 ||    24
       Battleaxe         |       |    30 ||    30
 Cast: Freeze            |    51 |     1 ||    52
       Ozocubu's Armour  |       |     2 ||     2
  Use: Potion            |       |     3 ||     3
Armor: Robe              |    14 |    12 ||    26
Dodge: Dodged            |    84 |    39 ||   123
